Cogmind - Beta 13 *** ADVENTURER MODE // 2024.04.16 @ 23:22:26 Player: Augustus XLII Result: Destroyed by as-59676 with Assembled Blade Performance ------------- Evolutions (0) 0 Regions Visited (2) 400 Robots Destroyed (21) 105 Value Destroyed (343) 343 Prototype IDs (0) 0 Alien Tech Used (0) 0 Bonus (60) 60 TOTAL SCORE: 908 Bonus ------- Follower Combat Kills 60 Cogmind --------- Core Integrity 0/250 Matter 290/300 Energy 160/160 System Corruption 0% Temperature Cool (0) Movement Walking (190) Ox1 Location -10/Mines Parts ------- > --- POWER (1) -------- Light Nuclear Core > --- PROPULSION (2) --- Aluminum Leg Aluminum Leg > --- UTILITY (2) ------ Large Storage Unit Targeting Computer > --- WEAPON (2) ------- Assault Rifle Light Assault Rifle > --- INVENTORY (15) --- Ion Engine Ion Engine Light Ion Engine Wheel Compact Wheel Small Storage Unit Medium Storage Unit Large Storage Unit Signal Interpreter Assault Rifle Light Assault Rifle Peak State ------------ > --- POWER ------------ Light Nuclear Core > --- PROPULSION ------- Wheel Compact Wheel > --- UTILITY ---------- Large Storage Unit Targeting Computer > --- WEAPON ----------- Assault Rifle Assault Rifle > --- INVENTORY -------- Ion Engine Ion Engine Light Ion Engine Aluminum Leg Wheel Compact Wheel Small Storage Unit Medium Storage Unit Large Storage Unit Signal Interpreter Assault Rifle Light Assault Rifle [Rating: 10] Favorites ----------- Power Ion Engine Engine Ion Engine Power Core Light Nuclear Core Propulsion Compact Wheel Leg Aluminum Leg Wheel Compact Wheel Utility Targeting Computer Storage Large Storage Unit Processor Targeting Computer Protection Propulsion Shielding Weapon Assault Rifle Energy Cannon Beam Cannon Ballistic Gun Assault Rifle Build | -11 -10 -10 ------- Run | Yrd Mat Min Slots Evolved . | . . . Power . | . . . Propulsion . | . . . Utility . | . . . Weapon . | . . . Parts Attached 24 | 2 14 8 Power 3 | . 2 1 Engine 2 | . 2 . Core 1 | . . 1 Reactor . | . . . Propulsion 9 | 2 5 2 Treads . | . . . Leg 2 | . . 2 Wheel 7 | 2 5 . Hover . | . . . Flight . | . . . Utility 5 | . 5 . Device . | . . . Storage 2 | . 2 . Processor 1 | . 1 . Hackware . | . . . Protection 2 | . 2 . Artifact . | . . . Weapon 7 | . 2 5 Energy Gun . | . . . Energy Cannon 1 | . . 1 Ballistic Gun 6 | . 2 4 Ballistic Cannon . | . . . Launcher . | . . . Special Weapon . | . . . Impact Weapon . | . . . Slashing Weapon . | . . . Piercing Weapon . | . . . Special Melee Weapon . | . . . Unidentified Prototypes . | . . . Parts Lost 2 | . . 2 Power . | . . . Propulsion . | . . . Utility . | . . . Weapon 2 | . . 2 Highest Loss Streak 1 | . . 1 To Critical Strikes 1 | . . 1 Average Slot Usage (%) 98 | . 97 99 Engine 8 | . 13 1 Core 5 | . . 12 Leg 1 | . . 2 Wheel 26 | . 27 25 Storage 14 | . 14 14 Processor 11 | . 9 14 Protection 1 | . 3 . Energy Cannon 2 | . . 5 Ballistic Gun 25 | . 27 22 Naked Turns . | . . . Heaviest Build 30 | 14 29 30 Greatest Support 32 | 32 32 26 Greatest Overweight (x) 2 | 1 2 1 Average Overweight (x) . | . . . Largest Inventory Capacity 15 | 8 15 15 Average Capacity 11 | 8 10 15 Most Carried 14 | 6 10 14 Average Carried 9 | 4 6 12 Final Capacity 15 | 8 15 15 Final Carried 11 | 4 10 11 Class Distribution -------------------- 84% | Mutant 15% | Scavenger-Mutant Dominant Class ---------------- Mutant | -10/Materials Mutant | -10/Mines Resources | -11 -10 -10 ----------- Run | Yrd Mat Min Matter Collected 652 | 232 266 154 Remotely . | . . . Salvage Created 606 | 83 295 228 Parts 42 | 3 28 11 Haulers Intercepted . | . . . Recyclers Shooed . | . . . Parts Field Recycled . | . . . Retrieved Matter . | . . . Parts Self-Destructed . | . . . Prevented . | . . . Kills | -11 -10 -10 ------- Run | Yrd Mat Min Combat Hostiles Destroyed 15 | . 8 7 Guns 13 | . 8 5 Cannons 2 | . . 2 Classes Destroyed 5 | 1 3 1 Worker 1 | . 1 . Recycler 2 | 1 1 . Watcher 3 | . 3 . Swarmer 11 | . 8 3 Grunt 4 | . . 4 Best Kill Streak 6 | 1 6 3 Combat Bots Only 3 | . 3 3 Max Kills in Single Turn 2 | 1 2 1 Gunslinging 1 | . 1 . Exploded . | . . . Melee . | . . . Uniques/NPCs Destroyed . | . . . Combat | -11 -10 -10 -------- Run | Yrd Mat Min Hostile Shots Fired 92 | . 31 61 Missed 28 | . 9 19 Damage Taken 676 | 2 180 494 Core 272 | . 72 200 Absorbed by Shields . | . . . Ignored by Resistances 204 | . 60 144 Core Remaining (%) 100 | 100 . . Volleys Fired 44 | 2 22 20 Largest 2 | 2 2 2 Hottest 80 | 40 40 80 Shots Fired 88 | 4 44 40 Gun 79 | 4 44 31 Cannon 9 | . . 9 Launcher . | . . . Special . | . . . Kinetic 79 | 4 44 31 Thermal 9 | . . 9 Explosive . | . . . Electromagnetic . | . . . Robot Hit Streak 17 | 3 12 17 Robot Miss Streak 2 | 1 2 1 Penetration Max . | . . . Secondary Targets 2 | . 2 . Max Gunslinging Chain 1 | . 1 . Shots Hit Robots 61 | 3 25 33 Core Hits 31 | 3 15 13 Critical Kills 1 | . 1 . Critical Parts Destroyed . | . . . Critical Strikes 1 | . 1 . Destroy 1 | . 1 . Melee Attacks . | . . . Impact . | . . . Slashing . | . . . Piercing . | . . . Sneak Attacks . | . . . Combat Hostiles . | . . . Follow-up Attacks . | . . . Damage Inflicted 810 | 40 328 442 Guns 666 | 35 328 303 Cannons 139 | . . 139 Explosions . | . . . Melee . | . . . Ramming 5 | 5 . . Kinetic 666 | 35 328 303 Thermal 139 | . . 139 Explosive . | . . . Electromagnetic . | . . . Impact . | . . . Slashing . | . . . Piercing . | . . . Highest Corruption . | . . . Average Corruption . | . . . Corruption Purged . | . . . Corruption Blocked . | . . . Overload Shots . | . . . Overflow Damage . | . . . Projectiles . | . . . Explosions . | . . . Melee . | . . . Knockbacks . | . . . Impact . | . . . Kinetic . | . . . Secondary . | . . . Self-Inflicted Damage 62 | 2 60 . Shots 1 | . 1 . Rammed 1 | 1 . . Targets Rammed 1 | 1 . . Kicked . | . . . Crushed . | . . . Highest Temperature 183 | . . 183 Average Temperature 56 | . . 56 Received Heat Transfer 120 | . . 120 Siege Activations . | . . . Robots Corrupted . | . . . Combat Hostiles . | . . . Parts Fried . | . . . Impact Corruptions . | . . . Robots Melted . | . . . Combat Hostiles . | . . . Parts Melted 1 | . . 1 Heat Transferred 296 | . . 296 Parts Sabotaged . | . . . Parts Stolen . | . . . Parts Stripped . | . . . Power Chain Reactions . | . . . Alert | -11 -10 -10 ------- Run | Yrd Mat Min Peak Influence 313 | 5 313 151 Initial 36 | . 2 36 Average 73 | 3 84 74 Maximum Alert Level 1 | . 1 . Low Security (%) 89 | 100 79 100 Level 1 10 | . 20 . Level 2 . | . . . Level 3 . | . . . Level 4 . | . . . Level 5 . | . . . High Security . | . . . Max Security . | . . . Squads Dispatched . | . . . Investigation . | . . . Extermination . | . . . Reinforcement . | . . . Assault . | . . . Garrison . | . . . Intercept . | . . . Searches Triggered . | . . . Construction Impeded . | . . . Haulers Reinforced . | . . . Active Scanning Responses . | . . . Cargo Convoy Interrupts . | . . . Stealth | -11 -10 -10 --------- Run | Yrd Mat Min Distress Signals 2 | . 2 . Communications Jammed . | . . . Distress Signals . | . . . Times Spotted 37 | . 13 24 Peak Tracking Total 7 | . 4 7 Tactical Retreats 2 | . 1 1 Traps | -11 -10 -10 ------- Run | Yrd Mat Min Traps Triggered 1 | . 1 . Indirectly . | . . . Trap Hack Attempts . | . . . Triggered . | . . . Disarmed 4 | . 4 . Reprogrammed . | . . . Reused . | . . . Traps Extracted . | . . . Installed . | . . . Triggered . | . . . Machines | -11 -10 -10 ---------- Run | Yrd Mat Min Machines Disabled 1 | . 1 . Max in Single Turn 1 | . 1 . Machines Repaired . | . . . Machines Dismantled . | . . . Machines Sabotaged . | . . . Overloaded Fab Kills . | . . . Hacking | -11 -10 -10 --------- Run | Yrd Mat Min Machines Accessed 8 | . 8 . Terminals 7 | . 7 . Fabricators . | . . . Repair Stations . | . . . Recycling Units 1 | . 1 . Scanalyzers . | . . . Garrison Access . | . . . Total Hacks 13 | . 13 . Successful 7 | . 7 . Failed 6 | . 6 . Catastrophic 1 | . 1 . Database Lockouts . | . . . Manual 6 | . 6 . Terminals 11 | . 11 . Fabricators . | . . . Repair Stations . | . . . Recycling Units 2 | . 2 . Scanalyzers . | . . . Garrison Access . | . . . Terminal Hacks 6 | . 6 . Record 1 | . 1 . Locate Traps 1 | . 1 . Disarm Traps 1 | . 1 . Zone Layout 3 | . 3 . Fabricator Hacks . | . . . Repair Station Hacks . | . . . Recycling Unit Hacks 1 | . 1 . Report Inventory 1 | . 1 . Scanalyzer . | . . . Garrison Access Hacks . | . . . Unauthorized Hacks . | . . . Terminals . | . . . Fabricators . | . . . Repair Stations . | . . . Recycling Units . | . . . Scanalyzers . | . . . Garrison Access . | . . . Data Cores Recovered . | . . . Used . | . . . Hacking Detections 5 | . 5 . Full Trace Events . | . . . Feedback Events . | . . . Feedback Blocked . | . . . Robot Schematics Acquired . | . . . Robots Built . | . . . Authchips . | . . . Time . | . . . Total Robot Build Rating . | . . . Part Schematics Acquired . | . . . Parts Built . | . . . Authchips . | . . . Time . | . . . Total Part Build Rating . | . . . Parts Repaired . | . . . Time . | . . . Parts Recycled . | . . . Recycled Matter . | . . . Retrieved Matter . | . . . Retrieved Components . | . . . Parts Scanalyzed . | . . . Part Schematics Acquired . | . . . Parts Damaged . | . . . Bothacking | -11 -10 -10 ------------ Run | Yrd Mat Min Used RIF Installer . | . . . Robots Hacked . | . . . Non-combat . | . . . Combat . | . . . Robot Hacks Applied . | . . . Relay Couplers Released . | . . . Fabnet Peak Effective % . | . . . Robots Rewired . | . . . Allies Hacked . | . . . Hacks Repelled . | . . . Allies | -11 -10 -10 -------- Run | Yrd Mat Min Total Allies 3 | . . 3 Largest Group 3 | . . 3 Highest-Rated Group 40 | . . 40 Highest-Rated Ally 16 | . . 16 Total Orders 2 | . . 2 GUARD 2 | . . 2 Ally Attacks 21 | . . 21 Total Damage 225 | . . 225 Kills 3 | . . 3 Allies Corrupted . | . . . Allies Melted . | . . . Intel | -11 -10 -10 ------- Run | Yrd Mat Min Robot Analysis Total . | . . . Derelict Logs Recovered 2 | . . 2 Drone Launches . | . . . Drone Recoveries . | . . . Exploration | -11 -10 -10 ------------- Run | Yrd Mat Min Turns Passed 1993 | 151 1002 840 Spaces Moved 1582 | 128 857 597 Core 9 | . 9 . Treads . | . . . Legs 87 | 48 . 39 Wheels 1486 | 80 848 558 Hover . | . . . Flight . | . . . Fastest Speed 50 | 100 50 90 Average Speed 102 | 108 96 110 Slowest Speed 190 | 190 150 190 Overloaded Moves . | . . . Propulsion Burnouts . | . . . Robots Hopped . | . . . Cave-ins Triggered . | . . . Exploration Rate (%) 62 | 5 91 90 Regions Visited 2 Branch Regions 1 Pre-discovered Areas 1 | . . 1 Known Exits Taken . | . . . Unknown Exits Taken 2 | 1 1 . Scrap Searched . | . . . Spaces Dug . | . . . Terrain Destroyed 24 | . 24 . Melee . | . . . Projectile . | . . . AOE 24 | . 24 . Terrain Rammed . | . . . Walls Destroyed . | . . . Machines Disabled . | . . . Actions | -11 -10 -10 --------- Run | Yrd Mat Min Total 1866 | 137 988 741 Wait 189 | 1 81 107 Move 1580 | 127 856 597 Hop . | . . . Pick Up 19 | . 13 6 Fast Attach 8 | 2 6 . Attach 11 | . 6 5 Detach . | . . . Swap 5 | . 2 3 Drop 9 | 4 2 3 Fire 44 | 2 22 20 Melee . | . . . Ram 1 | 1 . . Kick . | . . . Crush . | . . . Escape Stasis . | . . . Rewire . | . . . Trap . | . . . Miscellaneous . | . . . Route ------- -11/Scrapyard -10/Materials (discovered 5 exits: [*Mat x3] / [*Min x2]) -10/Mines (discovered 3 exits: [*Mat x2] / [*Sub]) History --------- Turn | Location | Event 2 | -11/Scrapyard | Discovered new exit (range 3) 152 | -11/Scrapyard | Entered Materials 208 | -10/Materials | Discovered new exit (range 14) 306 | -10/Materials | Build established: Mutant 365 | -10/Materials | Released all parts (7) 437 | -10/Materials | Discovered new exit (range 14) 576 | -10/Materials | Discovered new exit (range 15) 673 | -10/Materials | Discovered new exit (range 4) 799 | -10/Materials | Discovered new exit (range 10) 1154 | -10/Materials | Entered Mines 1309 | -10/Mines | Learned Materials stockpile data 1535 | -10/Mines | Discovered new exit (range 11) 1582 | -10/Mines | Discovered new exit (range 5) 1722 | -10/Mines | Assisted by bots powering up and referring to "LRC-V3" 1782 | -10/Mines | Discovered new exit (range 8) 1925 | -10/Mines | Assembled infested the area 1930 | -10/Mines | Assisted by a Guerilla fighting off Assembled 1966 | -10/Mines | Core integrity fell below 50% 1971 | -10/Mines | Core integrity fell below 20% 1973 | -10/Mines | Build established: Scavenger-Mutant 1994 | -10/Mines | Destroyed by as-59676 with Assembled Blade Last Messages --------------- 01970_ Assault Rifle destroyed. 01972_ The unstable cave ceiling collapses. 01972_ HV Slug penetrates as-10130. 01972_ as-10130 destroyed. 01972_ T-07 Excavator destroyed. 01972_ as-59506 destroyed. 01975_ as-46263 destroyed. 01976_ Trooper 1b heat short circuits Lgt. Nuclear Core. 01979_ HV Slug penetrates Earth. 01981_ The unstable cave ceiling collapses. 01982_ OU-O07(h) system corrupted by crushing effect. 01982_ OU-O07(h) knocked back. 01983_ HV Slug penetrates Wall. 01985_ as-37946 suffers critical hit (Destroy). 01985_ as-37946 destroyed. 01985_ HV Slug penetrates as-38791. 01985_ as-38791 suffers critical hit (Destroy). 01987_ OU-O07(h) destroyed. Map ----- +----------------------------------------------------+ | ?# ##????????# ## ##?### ### | | ?## #???????### ##### #???# ## | | ??# #???????# #???# #???# # | | ??# #???????# ###???## ### ##### | | ??# ######??# #??????####?######## | | ??# #### #?????????????????## | | ??# """ #????????????????## ### | | ??# """ #?????????????#### ##?## | | ??# """ ### #????????????## % ####?# | | ??## #?# #???????????## ### ## | | ???### ## #???????????# ### ## | | ?????## ##[#?########### ## ##### | | ??????### ###%### ## ## #### | | ????????###### ## ## | | ????????????# ##### ## | | ????????????# #???# ### | | ?########???## ## #### ###### #?#### ### | | ?# #????###### ##??####?# ###### #?## | | ?# """ #?????????#####????????# ## #?## | | ?# """ #????????????####?????## ## ########## | | ?? """ ????????#???## ##???## ## #??????# | | ??? != ????????# ?## #??## #?????# < | | ????#%=#????????#;## ####g ##????# | | ????#==#???????## " t## ##?????## | | ????#[%#????#### aa % ##???????#### | | ????# !####; = @ ##???????????#### | | ???## a *%* !% a #??????????????# | | ???#"%% %%=%[=| # ##??????????????# | | ##%#####;#% #%= % ## ##???????????????# | | % #???#?# # %# ## ##????????????????# | | ##### #?????###### # ###### ##??????????####???# | | ????# #??????????######???####?????????### #### | | ????# $???????????????????????????????## ## | | ????###?????????????????????####??????# | | ????????????????????????????# ##?????# | | ????????????????????????????# ##????## | | ?????????????????????????##### ##????#### | | ?????????????????????????# ##??????## | | ?????????????????????????# #???????# | | ?????????????????????????# #???????##= [ | | ?????????????????????????#### ##????????## =% | | ????????????????????????????## #??????????#%* | | ?????????????????????????????### #??????????# | | ???????????????????????????????# #?????????## # | | ???????????????????????????##### #?????????# ## | | ??????????????????????????## ## #?????????# ### | | ??????????????????????????# #?????????# | | ??????????????????????????# ########### ### | | ??????????????????????????#### #?? | | ?????????????????????????????## ###############?? | +----------------------------------------------------+ Best States ------------- Heat Dissipation 25 Energy Generation 14 Energy Capacity 250 Matter Stores 300 Matter Capacity 300 Sight Range 16 Terrain Scan Density 10 Resistance: KI 20 Resistance: TH 20 Resistance: EX 20 Resistance: EM 20 Resistance: I 20 Resistance: S 20 Resistance: P 20 Propulsion Shielding 33 Evasion (%) 55 Targeting Accuracy 5 Offensive Hacking 10 Item Schematics ----------------- None Robot Schematics ------------------ None Fabricated ------------ Nothing Alien Tech Used ----------------- None Achievements -------------- None Challenges ------------ None Game ------ Seed TitaniumPotentialSaw Manual? 0 Play Time 00:34:07 Cumulative 11.2 hours Start 2024.04.16 @ 22:42:14 End 2024.04.16 @ 23:22:26 Sessions 1 Manual Loads 0 Difficulty Adventurer Special Mode None Game No. 11 Rogue 6 Adventurer 5 Explorer 0 Win Type - Total 0 Types 0/0/0/0/0/0/0/0/0 Lore% 13 Gallery% 18 Achievement% 17 Wizard Run 0 Options --------- Layout 2 ASCII 0 Keyboard 0 Movement Mouse Keybinds 0 Fullscreen 2 Font 24/Swanston Map View 50x44 Zoom Use 7% Tactical HUD 1 Map Filters NONE Filters NONE Steam 1 RUN: 52a46d1e-f813-464e-badd-2eeac5f2300c